 Dungeon Crawl Stone Soup version 0.28-a0-580-ga2639ab843 (webtiles) character file.

Game seed: 16476542505190318581

27 sleeves the Caller (level 2, 0/19 HPs)
             Began as a Demonspawn Summoner on Oct 2, 2021.
             Succumbed to a kobold's poison
             ... on level 1 of the Dungeon.
             The game lasted 00:02:09 (1411 turns).

sleeves the Caller (Demonspawn Summoner)            Turns: 1411, Time: 00:02:09

Health: 0/19       AC:  2    Str:  8    XL:     2   Next: 93%
Magic:  4/5        EV: 12    Int: 16    God:
Gold:   41         SH:  0    Dex: 13    Spells: 2/5 levels left

rFire   . . .      SeeInvis .   f - +0 rapier
rCold   . . .      Faith    .   (no shield)
rNeg    . . .      Spirit   .   a - +0 robe
rPois   .          Reflect  .   (no helmet)
rElec   .          Harm     .   (no cloak)
rCorr   .          Rampage  .   (no gloves)
Will    .....                   (no boots)
Stlth   ++........              (no amulet)
HPRegen 0.06/turn               (no ring)
MPRegen 0.09/turn               (no ring)

@: lethally poisoned (0 -> -5), very slightly contaminated, hasted, invisible,
very quick
A: talons 1
a: no special abilities


You were on level 1 of the Dungeon.
You visited 1 branch of the dungeon, and saw 1 of its levels.

You collected 41 gold pieces.

Inventory:

Hand Weapons
 b - a +0 short sword
   (You found it on level 1 of the Dungeon)
 f - a +0 rapier (weapon)
   (You found it on level 1 of the Dungeon)
Armour
 a - a +0 robe (worn)
Scrolls
 c - a scroll of fear {unknown}
 e - a scroll of teleportation {unknown}


   Skills:
 - Level 1.7 Dodging
 - Level 1.7 Stealth
 - Level 2.0 Spellcasting
 + Level 5.0 Summonings


You had 2 spell levels left.
You knew the following spells:

 Your Spells              Type           Power      Damage    Failure   Level
a - Summon Small Mammal   Summ           68%        N/A       2%          1
b - Call Imp              Summ           17%        N/A       4%          2

Your spell library contained the following spells:

 Spells                   Type           Power      Damage    Failure   Level
 Call Canine Familiar     Summ           17%        N/A       8%          3
 Summon Guardian Golem    Hex/Summ       9%         N/A       22%         3
 Summon Lightning Spire   Summ/Air       9%         N/A       58%         4


Dungeon Overview and Level Annotations

Branches:
Dungeon (1/15)

Altars:


Innate Abilities, Weirdness & Mutations

You have sharp toenails.


Message History

You add the spells Summon Small Mammal, Call Imp, Call Canine Familiar, Summon Guardian Golem and Summon Lightning Spire to your library.
Welcome, sleeves the Demonspawn Summoner.
It is said that the Orb of Zot exists deep within this dungeon.
Press ? for a list of commands and other information.
Found a staircase leading out of the dungeon.
Okay, then.
Found a leather armour.
You now have 8 gold pieces.
You see here a +0 leather armour.
A bat comes into view.
A bat is nearby!
A bat is nearby!
The bat closely misses you. x2; The bat barely misses you.
You completely miss the bat. The bat closely misses you.
You hit the bat but do no damage. The bat hits you. The bat barely misses you.
You closely miss the bat. The bat hits you but does no damage.
The bat barely misses your rat.
The bat hits your rat but does no damage.
Your rat bites the bat but does no damage.
You hit the bat but do no damage. The bat barely misses you.
Your rat closely misses the bat.
You barely miss the bat. The bat closely misses you.
You closely miss the bat. The bat hits you but does no damage.
The bat hits your rat but does no damage.
You swap places.
The bat hits you.
Your rat misses the bat. The bat hits you but does no damage.
The bat closely misses you. The bat closely misses your rat.
The bat hits you but does no damage.
Your rat barely misses the bat.
The bat barely misses you.
You completely miss the bat. The bat closely misses you.
Your rat closely misses the bat.
Your quokka bites the bat but does no damage.
You swap places.
The bat barely misses you.
Your rat closely misses the bat.
You hit the bat but do no damage. The bat closely misses you.
Your rat barely misses the bat.
You hit the bat but do no damage. The bat hits you.
The bat hits you but does no damage.
Your quokka closely misses the bat.
Your rat barely misses the bat.
You swap places.
The bat barely misses you. The bat closely misses you. x2
You barely miss the bat. The bat hits you but does no damage.
The bat barely misses you.
Your quokka barely misses the bat.
The bat hits you.
You hit the bat but do no damage. The bat barely misses you.
Your quokka completely misses the bat.
The bat barely misses your quokka.
You swap places.
Your quokka bites the bat but does no damage.
Your quokka closely misses the bat.
You barely miss the bat. The bat hits you but does no damage.
Your rat barely misses the bat.
The bat barely misses you.
You closely miss the bat.
Your rat disappears in a puff of smoke!
The bat hits you but does no damage. The bat closely misses your quokka.
Your quokka completely misses the bat.
You hit the bat but do no damage. The bat hits you but does no damage.
Your quokka barely misses the bat.
You hit the bat but do no damage. The bat barely misses you.
You hit the bat.
The bat is moderately wounded.
The bat hits you. The bat hits you but does no damage.
You hit the bat.
The bat is severely wounded.
The bat barely misses you. The bat hits you but does no damage.
The bat hits your quokka but does no damage.
Your quokka closely misses the bat.
You closely miss the bat.
The bat is severely wounded.
The bat closely misses you. The bat misses you.
You barely miss the bat.
The bat is severely wounded.
The bat hits you but does no damage. The bat hits your quokka.
Your quokka misses the bat. The bat closely misses you.
Your quokka bites the bat.
The bat dies!
No target in view!
No target in view!
Your quokka disappears in a puff of smoke!
HP restored.
You open the door.
There is an open door here.
A frilled lizard comes into view.
A frilled lizard is nearby!
A frilled lizard is nearby!
The frilled lizard hisses angrily.
You miscast Summon Small Mammal.
You are very lightly contaminated with residual magic.
Nothing appears to happen.
You closely miss the frilled lizard. The frilled lizard closely misses you.
Your rat completely misses the frilled lizard.
You hit the frilled lizard.
The frilled lizard is heavily wounded.
The frilled lizard closely misses you.
Your rat bites the frilled lizard.
The frilled lizard dies!
No target in view!
No target in view!
Your magical contamination has completely faded away.
Your rat disappears in a puff of smoke!
Your rat disappears in a puff of smoke!
Magic restored.
You now have 23 gold pieces (gained 15).
Found a stone staircase leading down.
A rat comes into view.
A rat is nearby!
You hit the rat.
You kill the rat!
No target in view!
No target in view!
Your quokka disappears in a puff of smoke!
You swap places.
Found 17 arrows.
Key pressed, stopping explore.
No target in view!
You swap places.
You see here a rat corpse.
Your rat disappears in a puff of smoke!
A hobgoblin comes into view.
A kobold comes into view. It is wielding a +0 dagger.
The hobgoblin hits you.
You barely miss the hobgoblin. The hobgoblin closely misses you.
The hobgoblin hits you but does no damage.
You hit the hobgoblin but do no damage.
The hobgoblin hits you but does no damage.
You closely miss the hobgoblin. The hobgoblin closely misses you.
You hit the hobgoblin.
The hobgoblin is moderately wounded.
Your rat barely misses the hobgoblin.
The hobgoblin misses you.
You barely miss the hobgoblin.
The hobgoblin is moderately wounded.
Your rat bites the hobgoblin.
The hobgoblin barely misses you.
Your rat bites the hobgoblin.
The hobgoblin closely misses you.
You hit the hobgoblin but do no damage.
The hobgoblin is severely wounded.
Your rat closely misses the hobgoblin.
The hobgoblin hits you.
Your quokka barely misses the hobgoblin.
You hit the hobgoblin.
The hobgoblin is almost dead.
Your rat bites the hobgoblin.
The hobgoblin dies!
No target in view!
No target in view!
No target in view!
Your rat disappears in a puff of smoke!
Your quokka disappears in a puff of smoke!
A rat comes into view.
A quokka comes into view.
The rat misses you.
You barely miss the rat. The rat bites you but does no damage.
You hit the rat but do no damage. The rat bites you but does no damage.
The quokka barely misses you. The rat bites you.
You barely miss the rat. The quokka closely misses you.
Your rat bites the rat but does no damage.
The rat closely misses you.
You hit the rat.
The rat is moderately wounded.
The quokka bites you but does no damage.
Your rat bites the rat.
The rat bites you.
You closely miss the rat.
The rat is severely wounded.
The quokka barely misses you.
Your rat barely misses the rat.
The rat bites you but does no damage. The quokka bites you.
Your rat bites the rat.
The rat dies!
You closely miss the quokka. The quokka misses you. x2
Your rat bites the quokka but does no damage.
You hit the quokka but do no damage. The quokka closely misses you.
Your rat completely misses the quokka.
You barely miss the quokka.
Your quokka barely misses the quokka.
The quokka misses you.
Your rat closely misses the quokka.
You hit the quokka.
The quokka is lightly wounded.
Your quokka bites the quokka.
The quokka bites your quokka.
Your rat bites the quokka.
The quokka dies!
No target in view!
No target in view!
Your rat disappears in a puff of smoke!
Your quokka disappears in a puff of smoke!
A bat and a dart slug come into view.
The dart slug launches a dart at you. The slug dart hits you.
The bat closely misses you. The bat hits you but does no damage.
The dart slug bites you.
* * * LOW HITPOINT WARNING * * *
You are too injured to fight recklessly!
You are too injured to fight recklessly!
You hit the dart slug but do no damage. The bat closely misses you.
Your quokka bites the dart slug but does no damage.
The dart slug completely misses you. The bat barely misses you.
Your quokka bites the dart slug.
Your rat bites the dart slug.
The bat hits you but does no damage.
Your quokka bites the dart slug.
The dart slug launches a dart at your quokka.
The slug dart hits your quokka.
Your rat bites the dart slug.
Your quokka bites the dart slug.
The dart slug dies!
The bat closely misses you.
You have reached level 2!
Your demonic ancestry asserts itself...
Your toenails lengthen and sharpen.
You closely miss the bat. Your kick misses the bat. The bat hits you.
* * * LOW HITPOINT WARNING * * *
Your quokka bites the bat.
The bat barely misses your quokka.
Your quokka closely misses the bat.
Your rat closely misses the bat.
The bat closely misses your quokka.
Your quokka closely misses the bat.
Your rat closely misses the bat.
The bat barely misses your quokka. The bat closely misses your quokka.
Your rat bites the bat but does no damage.
The bat closely misses your quokka.
Your rat bites the bat.
The bat dies!
Your rat disappears in a puff of smoke!
Your quokka disappears in a puff of smoke!
Found 16 arrows.
A bat comes into view.
A bat is nearby!
A bat is nearby!
A dart slug comes into view.
You hit the bat but do no damage. The bat closely misses you.
You hit the bat but do no damage. The bat barely misses you.
The bat hits you but does no damage.
Your rat bites the bat.
The dart slug bites you.
You hit the dart slug.
The dart slug is moderately wounded.
The bat hits you.
You hit the dart slug.
The dart slug is moderately wounded.
The bat hits your rat.
The bat hits your rat but does no damage.
The dart slug barely misses you.
You hit the dart slug but do no damage. You claw the dart slug.
The dart slug is severely wounded.
Your rat barely misses the bat.
The bat hits your rat. The dart slug bites you.
You completely miss the dart slug.
The dart slug is severely wounded.
The bat closely misses your rat. The bat barely misses your rat.
Your rat bites the bat.
The bat dies!
You hit the dart slug but do no damage. You claw the dart slug.
The dart slug is almost dead.
Your rat bites the dart slug.
The dart slug dies!
No target in view!
No target in view!
Your quokka disappears in a puff of smoke!
Your rat disappears in a puff of smoke!
You see here a dart slug corpse.
A bat comes into view.
A bat is nearby!
A bat is nearby!
The bat hits you but does no damage.
You hit the bat. Your kick misses the bat.
The bat is moderately wounded.
The bat barely misses you. The bat closely misses you.
The bat closely misses you.
Your bat misses the bat. The bat misses you. The bat closely misses you.
The bat completely misses you.
Your bat barely misses the bat.
The bat closely misses your quokka.
You swap places.
The bat hits you. The bat hits your quokka.
Your bat misses the bat. The bat hits you.
Your bat barely misses the bat.
The bat hits you. x2
A bat is nearby!
You barely miss the bat.
The bat is moderately wounded.
The bat hits you but does no damage.
Your bat barely misses the bat.
The bat barely misses your bat.
A bat is nearby!
You hit the bat.
The bat is severely wounded.
Your bat closely misses the bat.
The bat closely misses you.
Your bat hits the bat.
The bat dies!
No target in view!
Your quokka disappears in a puff of smoke!
Your bat disappears in a puff of smoke!
You now have 28 gold pieces (gained 5).
A bat comes into view.
A bat is nearby!
A bat is nearby!
The bat hits you but does no damage.
You completely miss the bat. You claw the bat.
You kill the bat!
No target in view!
No target in view!
You see here a bat corpse.
You swap places.
You swap places.
You see here a bat corpse.
Your bat disappears in a puff of smoke!
A bat comes into view.
Found a dagger.
A bat is nearby!
Found a short sword.
A bat is nearby!
A bat is nearby!
The bat hits you but does no damage. The bat barely misses you.
You see here a +0 dagger.
The bat completely misses you.
Your rat disappears in a puff of smoke!
The bat closely misses you. The bat hits you but does no damage.
The bat closely misses you.
You see here a +0 short sword.
b - a +0 short sword The bat hits you but does no damage.
The bat barely misses you.
b - a +0 short sword (weapon)
The bat completely misses you. The bat hits you but does no damage.
You hit the bat.
You kill the bat!
No target in view!
No target in view!
c - a scroll labelled JURAJIH NEN LESAQI
Found a stone staircase leading down.
There is a stone staircase leading down here.
A giant cockroach comes into view.
A giant cockroach is nearby!
You hit the giant cockroach but do no damage.
Your kick misses the giant cockroach. The giant cockroach misses you.
You hit the giant cockroach.
The giant cockroach is severely wounded.
The giant cockroach bites you but does no damage.
You hit the giant cockroach but do no damage.
You claw the giant cockroach.
You kill the giant cockroach!
A kobold comes into view. It is wielding a +0 short sword.
The kobold shouts!
A kobold is nearby!
Your bat disappears in a puff of smoke!
The kobold barely misses you.
You barely miss the kobold.
The kobold hits you with a +0 short sword.
The kobold hits you with a +0 short sword.
You closely miss the kobold. Your kick misses the kobold.
Your bat hits the kobold but does no damage.
A bat comes into view.
The kobold hits your bat with a +0 short sword.
Found an orange potion and a robe.
Your bat closely misses the kobold.
The kobold closely misses you.
You closely miss the kobold. Your kick misses the kobold.
Your bat hits the kobold but does no damage.
The bat closely misses you.
The kobold hits you with a +0 short sword.
You hit the kobold. You claw the kobold.
The kobold is heavily wounded.
Your bat completely misses the kobold.
The bat misses you. The kobold closely misses you.
You closely miss the kobold. You claw the kobold.
You kill the kobold!
Your bat hits the bat but does no damage.
The bat barely misses you.
The bat hits your bat but does no damage.
Your bat misses the bat. The bat misses you.
You hit the bat but do no damage. The bat closely misses you.
The bat barely misses your bat.
Your bat completely misses the bat.
You hit the bat.
The bat is severely wounded.
The bat hits you but does no damage.
Your bat hits the bat but does no damage.
You completely miss the bat.
The bat is severely wounded.
The bat closely misses you.
Your bat hits the bat.
The bat dies!
No target in view!
No target in view!
Your bat disappears in a puff of smoke!
You now have 41 gold pieces (gained 13).
Things that are here:
a +0 short sword; a kobold corpse A giant cockroach comes into view.
Found a scroll labelled VUOB XAAXIKHE.
A giant cockroach is nearby!
A giant cockroach is nearby!
You see here an orange potion.
You see here a +0 robe.
The giant cockroach closely misses you.
You hit the giant cockroach.
The giant cockroach is severely wounded.
The giant cockroach bites you but does no damage.
You closely miss the giant cockroach. Your kick misses the giant cockroach.
The giant cockroach is severely wounded.
The giant cockroach bites you but does no damage.
You hit the giant cockroach.
You kill the giant cockroach!
No target in view!
Memorise Call Imp, consuming 2 spell levels and leaving 2?
You start memorising the spell.
You continue memorising. x2
You finish memorising.
Spell assigned to 'b'.
You're too inexperienced to learn that spell!
d - an orange potion
e - a scroll labelled VUOB XAAXIKHE A hobgoblin comes into view.
Found an escape hatch in the floor.
A hobgoblin is nearby!
Found a rapier.
The hobgoblin shouts!
You barely miss the hobgoblin. Your kick misses the hobgoblin.
The hobgoblin closely misses you.
You hit the hobgoblin.
The hobgoblin is severely wounded.
The hobgoblin hits you.
Your rat bites the hobgoblin but does no damage.
You barely miss the hobgoblin. You claw the hobgoblin.
You kill the hobgoblin!
No target in view!
You see here a +0 rapier.
f - a +0 rapier
f - a +0 rapier (weapon)
Magic restored.
Your rat disappears in a puff of smoke!
HP restored.
There is an escape hatch in the floor here.
You open the door.
There is an open door here.
You open the door.
There is an open door here.
Found 20 poisoned darts.
You see here 20 poisoned darts.
A ball python comes into view.
The ball python hisses angrily.
A ball python is nearby!
A ball python is nearby!
The ball python bites you. The ball python barely misses you. x2
The ball python grabs you. The ball python constricts you.
You hit the ball python but do no damage.
The ball python bites you. The ball python constricts you.
You hit the ball python. You claw the ball python.
You kill the ball python!
No target in view!
You see here a ball python corpse.
A kobold is nearby!
A kobold is nearby!
A kobold is nearby!
The kobold shouts!
The kobold hits you with a +0 dagger.
You hit the kobold. You claw the kobold.
The kobold is severely wounded.
Your quokka bites the kobold but does no damage.
The kobold hits you with a +0 dagger.
You hit the kobold.
You kill the kobold!
No target in view!
No target in view!
Your quokka disappears in a puff of smoke!
Things that are here:
a +0 dagger; a kobold corpse A rat comes into view.
A rat is nearby!
A rat is nearby!
The rat misses you.
You closely miss the rat. The rat closely misses you.
You hit the rat.
You kill the rat!
g - a red potion No target in view!
There is an open door here.
You open the door.
A rat comes into view.
A rat is nearby!
There is an open door here.
You hit the rat.
You kill the rat!
Your Summonings skill increases to level 5!
No target in view!
No target in view!
Found a stone staircase leading down.
Your rat disappears in a puff of smoke!
A kobold comes into view. It is wielding a +2 dagger of venom.
Found a black potion.
A kobold is nearby!
You swap places.
You see here a black potion.
The kobold shouts!
You hear a shout!
The kobold hits you with a +2 dagger of venom.
You are lethally poisoned!
You barely miss the kobold.
* * * LOW HITPOINT WARNING * * *
You feel very sick. The kobold barely misses you.
You are too injured to fight recklessly!
You swap places.
* * * LOW HITPOINT WARNING * * *
You feel very sick. The kobold barely misses your rat.
Your rat bites the kobold.
You see here a black potion.
* * * LOW HITPOINT WARNING * * *
You feel sick. The kobold barely misses your rat.
Your rat completely misses the kobold.
It was a potion of invisibility.
You fade into invisibility!
* * * LOW HITPOINT WARNING * * *
You feel sick.
A kobold comes into view. It is wielding a +0 club.
The kobold hits your rat with a +2 dagger of venom.
Your rat dies!
Your rat's corpse disappears in a puff of smoke!
You are very lightly contaminated with residual magic.
It was a potion of haste.
You feel yourself speed up.
* * * LOW HITPOINT WARNING * * *
You feel sick.
You see here a black potion.
You die...

.# #.### #... ####.#
# #....# .##
#########.##.######.
###..
....K..K@...........
.....
......###.......#
..#.# .....
####.#### ..#.# .#..
#.######..# ..#.# #.
#.........# ....###
# # #.###.##..#
......#
#.####.###.##..#
..#.####.#
##...........#..##
..........
................>#


You could see 2 kobolds.

Vanquished Creatures
  2 giant cockroaches (D:1)
  A hobgoblin (D:1)
  2 kobolds (D:1)
  A ball python (D:1)
  2 bats (D:1)
  3 rats (D:1)
11 creatures vanquished.

Vanquished Creatures (collateral kills)
  2 dart slugs (D:1)
  5 bats (D:1)
  A hobgoblin (D:1)
  A quokka (D:1)
  A frilled lizard (D:1)
  A rat (D:1)
11 creatures vanquished.

Grand Total: 22 creatures vanquished

Notes
Turn   | Place    | Note
-------+----------+-------------------------------------------
     0 | D:1      | sleeves the Demonspawn Summoner began the quest for the
                  | Orb.
     0 | D:1      | Reached XP level 1. HP: 13/13 MP: 3/3
   432 | D:1      | HP: 6/13 [dart slug (3)]
   437 | D:1      | Gained mutation: You have sharp toenails. [demonic
                  | ancestry]
   437 | D:1      | Reached XP level 2. HP: 9/19 MP: 1/5
   437 | D:1      | HP: 8/19 [bat (1)]
   914 | D:1      | Learned a level 2 spell: Call Imp
  1373 | D:1      | Reached skill level 5 in Summonings
  1405 | D:1      | HP: 9/19 [poisoned by a kobold]
  1407 | D:1      | HP: 4/19 [poisoned by a kobold]
  1409 | D:1      | HP: 1/19 [poisoned by a kobold]
  1411 | D:1      | Succumbed to a kobold's poison

Illustrated notes

Levels and vault maps discovered:
D:1:      minmay_arrival_four_loops, layout_basic, minmay_tromino_mix6

Skill      XL: |  1  2 |
---------------+-------+-----
Summonings     | 5 |  5.0
Dodging        | |  1.7
Stealth        | |  1.7
Spellcasting   | |  2.0

Action                   || total
-------------------------++-------
Melee: Unarmed           ||    51
       Short sword       ||    18
       Kick              ||     9
       Rapier            ||     8
 Cast: Summon Small Mamm ||    24
  Use: Potion            ||     2
Armor: Robe              ||    32
Dodge: Dodged            ||    77

Table legend: (Time is in decaauts)
 A = Elapsed time spent in this place.
 B = Non-inter-level travel time spent in this place.
 C = Inter-level travel time spent in this place.
 D = Time resting spent in this place.
 E = Time spent auto-exploring this place.
 F = Levels seen in this place.
 G = Mean time per level.
                   A        B        C        D        E       F      G
               +--------+--------+--------+--------+--------+-----+--------+
         Total |   1413 |   1413 |      0 |      0 |   1181 |   1 | 1413.0 |
       Dungeon |   1413 |   1413 |      0 |      0 |   1181 |   1 | 1413.0 |
               +--------+--------+--------+--------+--------+-----+--------+

Top non-repeatable levels by time:
     D:1: 1413 daAuts
